 Dungeon Crawl Stone Soup version 0.19.5 (webtiles) character file.

402 Megalobster the Cleaver (level 6, -1/51 HPs)
             Began as a Minotaur Berserker on Mar 31, 2017.
             Was a Believer of Trog.
             Slain by an ogre
             ... wielding a +0 giant club
              (24 damage)
             ... on level 5 of the Dungeon.
             The game lasted 00:11:40 (3402 turns).

Megalobster the Cleaver (Minotaur Berserker)        Turns: 3402, Time: 00:11:40

Health: -1/51      AC:  8    Str: 23    XL:     6   Next: 55%
Magic:  5/5        EV:  5    Int:  4    God:    Trog [**....]
Gold:   197        SH:  7    Dex: 10    Spells: 0 memorised, 5 levels left

rFire  . . .     SeeInvis .     a - +0 hand axe
rCold  . . .     Gourm    .     i - +0 chain mail
rNeg   . . .     Faith    .     E - +0 shield
rPois  .         Spirit   .     (helmet restricted)
rElec  .         Reflect  .     (no cloak)
rCorr  .         Harm     .     (no gloves)
MR     ++...     Rnd*Tele +     (no boots)
Stlth  ..........               x - amulet of magic regeneration
                                (no ring)
                                y - ring of teleportation (curse)

@: regenerating
A: retaliatory headbutt, horns 2
a: Berserk, Trog's Hand, Burn Spellbooks, Renounce Religion


You were on level 5 of the Dungeon.
You worshipped Trog.
Trog was pleased with you.
You were hungry.

You visited 1 branch of the dungeon, and saw 5 of its levels.

You collected 197 gold pieces.

Inventory:

Hand Weapons
 a - a +0 hand axe (weapon)
 C - a +2 falchion of slicing
Missiles
 f - 21 sling bullets
 p - 142 stones (quivered)
Armour
 b - a +0 animal skin
 i - a +0 chain mail (worn)
 E - a +0 shield (worn)
Jewellery
 e - an uncursed ring of wizardry
 x - an amulet of magic regeneration (around neck)
 y - a cursed ring of teleportation (left hand)
Wands
 w - a wand of lightning (11/15)
Scrolls
 g - a scroll of noise {unknown}
 h - 5 scrolls of identify {unknown}
 j - 2 scrolls of magic mapping {unknown}
 k - 3 scrolls of teleportation {unknown}
 m - 2 scrolls of immolation {unknown}
 o - 4 scrolls of fog {unknown}
 u - a scroll of recharging {unknown}
 z - a scroll of amnesia {unknown}
 B - a scroll of enchant weapon {unknown}
 F - 2 scrolls of remove curse {unknown}
 G - a scroll of fear {unknown}
Potions
 d - a potion of magic {unknown}
 n - a potion of resistance {unknown}
 q - 4 potions of curing {unknown}
 s - a potion of might {unknown}
 t - 2 potions of berserk rage {unknown}
 A - a potion of brilliance {unknown}
 D - a potion of cure mutation {unknown}
Comestibles
 c - 5 bread rations
 l - 2 slices of pizza
 r - a beef jerky
 v - a meat ration


   Skills:
 - Level 3.6 Fighting
 * Level 9.0 Axes
 - Level 2.4 Armour
 - Level 2.2 Dodging


You had 5 spell levels left.
You didn't know any spells.

Dungeon Overview and Level Annotations

Branches:
Dungeon (5/15)             Temple (0/1) D:5

Altars:
Fedhas


Innate Abilities, Weirdness & Mutations

You reflexively headbutt those who attack you in melee.
You have a pair of horns on your head.


Message History

You block the ogre's attack.
You hit the ogre.
The ogre is lightly wounded.
Your shield and chain mail prevent you from hitting the ogre.
Your headbutt misses the ogre.
The ogre is lightly wounded.
The ogre hits you with a giant club!
You hit the ogre but do no damage. You headbutt the ogre.
The ogre is moderately wounded.
The ogre hits you with a giant club!!
You hit the ogre. You headbutt the ogre!
The ogre is severely wounded.
The ogre completely misses you.
You hit the ogre.
The ogre is severely wounded.
Your skin crawls.
You feel resistant to hostile enchantments.
You are feeling hungry.
The ogre hits you with a giant club!!
You die...

... ..# .#### #..# ..#..
#..## ##....# ...#
#...######....... .....
###..##........... .....
#.#...............
...#.###<.........#.....
.....#.....##...@.......
...#......#####.O.......
.........## ###.......
........## #..#...
##......## ......
.........# ......
.........## .....
..........# .....
.###......##


You could see an ogre.

Vanquished Creatures
  An ogre (D:4)
  A scorpion (D:3)
  A howler monkey (D:4)
  2 orc wizards (D:4)
  Ijyb (D:3)
  4 gnolls (D:3)
  A howler monkey skeleton (D:4)
  4 adders
  2 worms (D:3)
  2 leopard geckos
  5 orcs
  4 giant cockroaches
  4 goblins
  3 hobgoblins
  3 jackals (D:3)
  3 quokkas
  2 ball pythons
  8 bats
  3 frilled lizards
  4 kobolds
  11 rats
69 creatures vanquished.

Notes
Turn   | Place    | Note
-------+----------+-------------------------------------------
     0 | D:1      | Megalobster the Minotaur Berserker began the quest for the Orb.
     0 | D:1      | Reached XP level 1. HP: 19/19 MP: 0/0
     7 | D:1      | Noticed a polar bear
     7 | D:1      | Noticed a hound
    11 | D:1      | Noticed a lindwurm
    11 | D:1      | Noticed a killer bee
   102 | D:1      | Reached skill level 4 in Axes
   177 | D:1      | Reached XP level 2. HP: 26/26 MP: 1/1
   787 | D:2      | Reached skill level 5 in Axes
  1004 | D:2      | Reached XP level 3. HP: 31/31 MP: 2/2
  1438 | D:3      | Reached ** piety under Trog
  1438 | D:3      | Reached XP level 4. HP: 31/39 MP: 3/3
  1439 | D:3      | Reached skill level 6 in Axes
  1770 | D:3      | Noticed Ijyb
  1787 | D:3      | Killed Ijyb
  2120 | D:3      | Reached XP level 5. HP: 41/45 MP: 4/4
  2415 | D:3      | Reached skill level 7 in Axes
  2617 | D:4      | Noticed an ogre
  2623 | D:4      | Killed an ogre
  2623 | D:4      | Reached skill level 8 in Axes
  2623 | D:4      | Reached XP level 6. HP: 51/51 MP: 5/5
  2908 | D:4      | Found a blossoming altar of Fedhas.
  2962 | D:5      | Entered Level 5 of the Dungeon
  3114 | D:5      | Reached skill level 9 in Axes
  3150 | D:5      | Found a staircase to the Ecumenical Temple.
  3402 | D:5      | Slain by an ogre

Skill      XL: |  1  2  3  4  5  6 |
---------------+-------------------+-----
Axes           | 4 5 6 8 9 |  9.0
Fighting       | |  3.6
Armour         | |  2.4
Dodging        | |  2.2

Action                   |  1- 3 |  4- 6 || total
-------------------------+-------+-------++-------
Melee: Hand axe          |    70 |   108 ||   178
       Headbutt          |     9 |    17 ||    26
Invok: Berserk           |     1 |     1 ||     2
       Trog's Hand       |       |     1 ||     1
  Eat: Chunk             |     2 |     3 ||     5
       Bread ration      |       |     1 ||     1
Armor: Chain mail        |    53 |    50 ||   103
Dodge: Dodged            |    36 |    34 ||    70
Block: Shield            |       |     1 ||     1
